 Dungeon Crawl Stone Soup version 0.20.1-1-g8b1a95d (webtiles) character file.

109 troglodite the Skirmisher (level 4, 0/55 HPs)
             Began as a Demonspawn Berserker on Dec 22, 2017.
             Was a Follower of Trog.
             Slain by a goblin (1 damage)
             ... led by Robin
             ... on level 2 of the Dungeon.
             The game lasted 00:02:40 (1126 turns).

troglodite the Skirmisher (Demonspawn Berserker)    Turns: 1126, Time: 00:02:40

Health: 0/55       AC:  6    Str: 22    XL:     4   Next: 59%
Magic:  0/4        EV: 11    Int:  8    God:    Trog [*.....]
Gold:   100        SH:  0    Dex: 14    Spells: 3/3 levels left

rFire    . . .     SeeInvis .   b - +2 dagger (flame)
rCold    . . .     Gourm    .   (no shield)
rNeg     . . .     Faith    .   l - +0 scale mail
rPois    +         Spirit   +   (no helmet)
rElec    .         Reflect  .   (no cloak)
rCorr    .         Harm     .   (no gloves)
MR       .....                  (no boots)
Stlth    ..........             (no amulet)
Regen    0.2/turn               j - ring of poison resistance
MPRegen  0.2/turn               (no ring)

@: berserking, very quick
A: magic shield, magic regeneration
a: Berserk, Burn Spellbooks, Renounce Religion


You were on level 2 of the Dungeon.
You worshipped Trog.
Trog was aware of your devotion.
You were very hungry.

You visited 1 branch of the dungeon, and saw 2 of its levels.

You collected 100 gold pieces.

Inventory:

Hand Weapons
 a - a +0 falchion
 b - a +2 dagger of flaming (weapon)
Armour
 l - a +0 scale mail (worn)
Jewellery
 j - a ring of poison resistance (left hand)
Scrolls
 d - 2 scrolls of identify {unknown}
 f - 3 scrolls of teleportation {unknown}
 h - a scroll of random uselessness {unknown}
 k - a scroll of enchant armour {unknown}
Potions
 e - 2 potions of cancellation {unknown}
 i - a potion of might {unknown}
Books
 m - a book of Cantrips

   Spells                             Type                      Level
   a - Confusing Touch                Hexes                        1
   b - Animate Skeleton               Necromancy                   1
   c - Summon Small Mammal            Summoning                    1
   d - Apportation                    Translocation                1
   Trog disapproves of the use of such an item.
Comestibles
 c - 2 bread rations
 g - a royal jelly


   Skills:
 * Level 4.2 Fighting
 + Level 0.5(2.0) Short Blades
 + Level 3.2 Long Blades
 * Level 2.1 Armour
 * Level 2.5 Dodging
 + Level 0.2 Stealth


You had 3 spell levels left.
You didn't know any spells.

Dungeon Overview and Level Annotations

Branches:
Dungeon (2/15)

Altars:


Innate Abilities, Weirdness & Mutations

When hurt, damage is shared between your health and your magic reserves.
You regenerate magic rapidly.


Message History

* * * LOW HITPOINT WARNING * * *
Robin roars a battlecry!
The goblin goes into a battle-frenzy!
The goblin barely misses you. The goblin misses you.
You puncture Robin! You burn Robin.
You kill Robin!
Trog accepts your kill. The goblin barely misses you.
Unknown command.
You barely miss the goblin. The goblin hits you.
* * * LOW HITPOINT WARNING * * *
The goblin hits you but does no damage. The goblin hits you with a club.
* * * LOW HITPOINT WARNING * * *
The goblin closely misses you.
You barely miss the goblin.
The goblin no longer looks unusually strong.
The goblin hits you.
* * * LOW HITPOINT WARNING * * *
The goblin hits you but does no damage. The goblin hits you.
You die...

##.......# ###........#
#........>.# #. #
#.##.......# #.. #.###
#.##.............
....###.)........<.....
#......######.###....
#####.ggg## .#
#....gg@g### #
#.##.###g..# #.?
##....... g.. ......#
g. .....## ##.#...
.#### ##


You could see a hobgoblin and 6 goblins.

Vanquished Creatures
  Natasha (thrice) (D:2)
  Robin (D:2)
  A dart slug (D:1)
  A leopard gecko (D:2)
  3 bats
  A giant cockroach (D:2)
  5 goblins
  3 hobgoblins
  2 frilled lizards (D:2)
  3 kobolds (D:1)
  2 rats (D:1)
25 creatures vanquished.

Notes
Turn   | Place    | Note
-------+----------+-------------------------------------------
     0 | D:1      | troglodite the Demonspawn Berserker began the quest for the Orb.
     0 | D:1      | Reached XP level 1. HP: 18/18 MP: 1/1
   362 | D:1      | Gained mutation: When hurt, damage is shared between your health and your magic reserves. [demonic ancestry]
   362 | D:1      | Reached XP level 2. HP: 19/24 MP: 2/2
   795 | D:2      | Noticed Natasha
   804 | D:2      | Killed Natasha
   804 | D:2      | Gained mutation: You regenerate magic rapidly. [demonic ancestry]
   804 | D:2      | Reached XP level 3. HP: 15/29 MP: 0/3
   866 | D:2      | Noticed Natasha
   876 | D:2      | Killed Natasha
   891 | D:2      | Noticed Natasha
   901 | D:2      | Killed Natasha
   901 | D:2      | Reached skill level 4 in Fighting
   901 | D:2      | Reached XP level 4. HP: 23/37 MP: 4/4
  1101 | D:2      | Noticed Robin
  1124 | D:2      | Killed Robin
  1126 | D:2      | HP: 1/55 [goblin[Robin] (2)]
  1126 | D:2      | Slain by a goblin

Skill      XL: |  1  2  3 |
---------------+----------+-----
Long Blades    | 3 |  3.2
Dodging        | 2 |  2.5
Fighting       | 4 |  4.2
Armour         | 2 |  2.1
Short Blades   | |  0.5
Stealth        | |  0.2

Action                   |  1- 3 |  4- 6 || total
-------------------------+-------+-------++-------
Melee: Falchion          |    40 |       ||    40
       Dagger            |    19 |    23 ||    42
Invok: Berserk           |     2 |     1 ||     3
  Eat: Chunk             |     1 |     1 ||     2
Armor: Animal skin       |     5 |       ||     5
       Scale mail        |     8 |    17 ||    25
Dodge: Dodged            |    31 |    31 ||    62
       Rpst.: Falchion   |     8 |       ||     8
